 Dungeon Crawl Stone Soup version 0.30-a0-748-ge6a52f7cba (webtiles) character file.

Game seed: 14122172840467201208

7 Esekla the Sneak (level 2, -4/21 HPs)
             Began as an Octopode Delver on Feb 8, 2023.
             Succumbed to a water moccasin's poison
             ... on level 5 of the Dungeon.
             The game lasted 00:01:07 (92 turns).

Esekla the Sneak (Octopode Delver)                    Turns: 92, Time: 00:01:08

Health: -4/21      AC:  1    Str: 11    XL:     2   Next: 4%
Magic:  2/2        EV: 13    Int: 12    God:
Gold:   5          SH:  0    Dex: 13    Spells: 1/1 levels left

rFire   . . .      SeeInvis .    a - +0 falchion
rCold   . . .      Faith    .    (no shield)
rNeg    . . .      Spirit   .    (helmet restricted)
rPois   .          Reflect  .    (no amulet)
rElec   .          Harm     .    (no ring)
rCorr   .          Rampage  .    (no ring)
Will    .....                    (no ring)
Stlth   ++++                     (no ring)
HPRegen 0.23/turn                (no ring)
MPRegen 0.08/turn                (no ring)
                                 (no ring)
                                 (no ring)

@: lethally poisoned (-4 -> -19)
A: almost no armour, amphibious, 8 rings, camouflage 1, gelatinous body 1,
(nimble swimmer 1), tentacles
a: no special abilities


You were on level 5 of the Dungeon.
You visited 1 branch of the dungeon, and saw 1 of its levels.

You collected 5 gold pieces.

Inventory:

Hand Weapons
 a - a +0 falchion (weapon)
Wands
 f - a wand of digging (3)
Scrolls
 b - a scroll of fog
 c - 2 scrolls of magic mapping
Potions
 e - a potion of haste


   Skills:
 * Level 3.1 Fighting
 * Level 2.1 Long Blades
 * Level 2.0 Dodging
 + Level 6.8 Stealth
 * Level 0.2 Spellcasting


You had one spell level left.
You didn't know any spells.
Your spell library contained the following spells:

 Spells                   Type           Power      Damage    Failure   Level
 Summon Guardian Golem    Hex/Summ       0%         N/A       69%         3
 Orb of Destruction       Conj           0%         9d5       100%        7
 Spellforged Servitor     Conj/Summ      0%         N/A       100%        7


Dungeon Overview and Level Annotations

Branches:
Dungeon (5/15)
 Temple: D:4-7

Altars:
Gozag
Hepliaklqana
Makhleb
Nemelex Xobeh
Ru
Uskayaw
Yredelemnul
The Shining One


Innate Abilities, Weirdness & Mutations

You cannot wear most types of armour.
You are amphibious.
You can wear up to eight rings at the same time.
Your skin changes colour to match your surroundings (Stealth+).
Your rubbery body absorbs attacks. (AC +1, EV +1)
((You are camouflaged when in or above water. (Stealth+)))
You have tentacles for arms and can constrict up to eight enemies at once.


Message History

As you read the scroll of fear, it crumbles to dust.
You assume a fearsome visage.
The orc priest looks frightened! x2
The orc priest shouts!
A water moccasin comes into view.
A shadow imp comes into view.
An iguana comes into view.
The water moccasin hisses angrily.
A hound comes into view.
You hit the shadow imp. You grab the shadow imp.
The shadow imp is moderately wounded.
You constrict the shadow imp. The shadow imp barely misses you.
You hit the shadow imp but do no damage.
The shadow imp is heavily wounded.
You constrict the shadow imp, but do no damage.
The shadow imp barely misses you.
You barely miss the shadow imp.
The shadow imp is heavily wounded.
You constrict the shadow imp. The shadow imp barely misses you.
You hit the shadow imp but do no damage.
The shadow imp is heavily wounded.
You constrict the shadow imp. The shadow imp hits you.
You hit the shadow imp.
You kill the shadow imp!
The water moccasin closely misses you.
You have reached level 2!
You hit the water moccasin. Your grab misses the water moccasin.
You squeeze the water moccasin.
The water moccasin is moderately wounded.
The water moccasin bites you! The water moccasin bites you.
* * * LOW HITPOINT WARNING * * *
You closely miss the water moccasin. Your grab misses the water moccasin.
Your squeeze misses the water moccasin.
The water moccasin is moderately wounded.
The water moccasin bites you.
* * * LOW HITPOINT WARNING * * *
You are lethally poisoned!
The water moccasin poisons you!
You hit the water moccasin. Your grab misses the water moccasin.
You squeeze the water moccasin!
The water moccasin is severely wounded.
You die...

####### ##### #....<##
#.... #.###..### #....
##.# ##...# ###....
####..# ###.# #.....#
#....## #.#######.#####
##.##########.........#
#_ #..#
#.S@.......>#### ##
.######.#
##.#########.### #.
........####..# #...#
## ##.#.......#.##
###># # ####.......#
#.# ## #S.####<# #.# #_
#...# ..# #.# ## ..S.5.
#.# #.# #8 #..h#.#. ..
#.. ##


You could see a water moccasin.

Vanquished Creatures
  A shadow imp (D:5)
1 creature vanquished.

Notes
Turn   | Place    | Note
-------+----------+-------------------------------------------
     0 | D:5      | Esekla the Octopode Delver began the quest for the Orb.
     0 | D:5      | Reached XP level 1. HP: 16/16 MP: 1/1
    13 | D:5      | Found an opulent altar of Gozag.
    17 | D:5      | Found a sacrificial altar of Ru.
    22 | D:5      | Found a sparkling altar of Nemelex Xobeh.
    23 | D:5      | Found a glowing golden altar of the Shining One.
    23 | D:5      | Found a hide-covered altar of Uskayaw.
    24 | D:5      | Found a hazy altar of Hepliaklqana.
    25 | D:5      | Found a burning altar of Makhleb.
    26 | D:5      | Found a basalt altar of Yredelemnul.
    73 | D:5      | Noticed an orc priest
    73 | D:5      | Noticed an orc priest
    74 | D:5      | Noticed a water moccasin
    75 | D:5      | Noticed an iguana
    75 | D:5      | Noticed a hound
    90 | D:5      | Reached XP level 2. HP: 17/21 MP: 2/2
    91 | D:5      | HP: 1/21 [water moccasin (2)]
    92 | D:5      | Succumbed to a water moccasin's poison

Illustrated notes

Levels and vault maps discovered:
D:5:      layout_rooms, minitemple, minmay_temple_entry_slanted

Action                     || total
---------------------------++-------
  Melee: Falchion          ||     8
         Constrict         ||     1
         Tentacles         ||     2
    Use: Scroll            ||     1
  Dodge: Dodged            ||     4

Table legend: (Time is in decaauts)
 A = Elapsed time spent in this place.
 B = Non-inter-level travel time spent in this place.
 C = Inter-level travel time spent in this place.
 D = Time resting spent in this place.
 E = Time spent auto-exploring this place.
 F = Levels seen in this place.
 G = Mean time per level.
                   A        B        C        D        E       F      G
               +--------+--------+--------+--------+--------+-----+--------+
         Total |     93 |     93 |      0 |      0 |     14 |   1 |   93.0 |
       Dungeon |     93 |     93 |      0 |      0 |     14 |   1 |   93.0 |
               +--------+--------+--------+--------+--------+-----+--------+

Top non-repeatable levels by time:
     D:5: 93 daAuts
